Map: Ever Dream LE

Players

Syndrome - Winner!

  • Race: Protoss Protoss
  • League: Grandmaster
  • Spawn Location: 1:00

Caedus

  • Race: Protoss Protoss
  • League: Master
  • Spawn Location: 7:00

VOD

Have the link to the VOD?

Description

Time

  • Played on: Aug. 11, 2020, 1:03 p.m.
  • Length: 4:27
Show
View Real Time Build Order
Export as new Build Order

Syndrome Protoss - Winner!

Build Orders:  

Get SALT Encoding   

  12  0:00  Probe  
  13  0:12  Probe  
  14  0:20  Pylon  
  14  0:24  Probe  
  15  0:38  Probe (Chrono Boost)  
  15  0:40  Gateway  
  16  0:47  Probe (Chrono Boost)  
  17  0:51  Assimilator  
  17  0:52  Probe (Chrono Boost)  
  17  0:56  Assimilator  
  18  1:04  Probe (Chrono Boost)  
  18  1:09  Gateway  
  19  1:15  Probe (Chrono Boost)  
  20  1:20  Probe (Chrono Boost)  
  21  1:27  Cybernetics Core  
  21  1:30  Probe  
  22  1:36  Pylon  
  22  1:42  Probe  
  23  2:03  Warp Gate (Chrono Boost)  
  23  2:05  Stalker x2  
  27  2:26  Pylon  
  27  2:35  Stalker x2  
  31  2:41  Gateway  
  31  2:42  Gateway  
  31  2:45  Pylon  
  31  3:02  Pylon  
  27  3:05  Stalker x2  
  35  3:45  Stalker x2  
  35  3:47  Stalker  
  35  3:48  Stalker  
Show
View Real Time Build Order
Export as new Build Order

Caedus Protoss 

Build Orders: Oracle Opening 

Get SALT Encoding   

  12  0:00  Probe  
  13  0:12  Probe  
  14  0:17  Pylon  
  14  0:25  Probe (Chrono Boost)  
  15  0:37  Probe (Chrono Boost)  
  15  0:38  Gateway  
  16  0:43  Probe (Chrono Boost)  
  16  0:46  Assimilator  
  17  0:51  Probe  
  17  0:56  Assimilator  
  18  1:03  Probe  
  19  1:15  Probe (Chrono Boost)  
  19  1:17  Gateway  
  21  1:26  Probe (Chrono Boost)  
  21  1:27  Cybernetics Core  
  21  1:31  Probe (Chrono Boost)  
  22  1:38  Pylon  
  22  1:41  Probe  
  23  1:58  Pylon  
  23  2:04  Stalker x2  
  27  2:17  Stargate  
  27  2:23  Warp Gate  
  27  2:27  Probe  
  28  2:53  Shield Battery  
  28  2:57  Oracle (Chrono Boost)  
  31  3:05  Nexus  
  31  3:13  Stalker  
  33  3:26  Pylon  
  33  3:27  Oracle (Chrono Boost)  
  36  3:35  Probe  
  37  3:47  Probe  
  38  3:57  Shield Battery  
  38  3:59  Probe, Robotics Facility  
  37  4:11  Probe  
  37  4:12  Stalker  
  36  4:22  Stalker  
Tags
 
Add a new tag
Caveats
  • Supply blocks, unpowered buildings, or Contaminate may cause inaccurate times.
  • Supply counts are checked every 10 seconds.